 Dungeon Crawl Stone Soup version 0.31-a0-968-g24f9ace8b5 (webtiles) character file.

Game seed: 2849565993701370064

30 AppTheSpectato the Magician (level 3, -2/25 HPs)
             Began as a Djinni Fire Elementalist on Oct 27, 2023.
             Slain by a quokka (5 damage)
             ... on level 2 of the Dungeon.
             The game lasted 00:03:18 (670 turns).

AppTheSpectato the Magician (DjFE)                   Turns: 670, Time: 00:03:18

Health: -2/25      AC:  2    Str:  7    XL:     3   Next: 35%
Gold:   66         EV: 12    Int: 18    God:
                   SH:  0    Dex: 13

rFire   + + .        (no weapon)
rCold   . . .        (no shield)
rNeg    . . .        a - +0 robe
rPois   ∞            (no helmet)
rElec   .            (no cloak)
rCorr   .            (no gloves)
SInv    .            (boots unavailable)
Will    .....        (no amulet)
Stlth   ++           e - ring of protection from cold
HPRegen 0.24/turn    (no ring)
MPRegen 0.00/turn

%: infuse magic (-3 HP)
@: attractive, flying
A: sickness immunity, fire resistance 2, cold vulnerability 1, float, innate
caster, HP casting, extra vitality 1
a: no special abilities


You were on level 2 of the Dungeon.
You visited 1 branch of the dungeon, and saw 2 of its levels.

You collected 66 gold pieces.

Inventory:

Armour
 a - a +0 robe (worn)
Jewellery
 e - a ring of protection from cold (left hand)


   Skills:
 - Level 2.4 Dodging
 - Level 1.8 Stealth
 * Level 3.5 Spellcasting
 * Level 3.5 Conjurations
 * Level 3.5 Hexes
   Level 0.0 Charms
 * Level 3.5 Summonings
 * Level 3.5 Necromancy
 * Level 3.5 Translocations
 * Level 3.5 Transmutations
 * Level 3.5 Fire Magic
 * Level 3.5 Ice Magic
 * Level 3.5 Air Magic
 * Level 3.5 Earth Magic
 * Level 3.5 Poison Magic


You knew the following spells:

 Your Spells              Type           Power      Damage    Failure   Level
a - Foxfire               Conj/Fire      60%        2x1d7     3%          1
b - Scorch                Fire           30%        2d6       5%          2
c - Volatile Blastmotes   Fire/Tloc      30%        2d12      11%         3
d - Inner Flame           Hex/Fire       15%        N/A       11%         3
e - Flame Wave            Conj/Fire      15%        2d7       36%         4
f - Magic Dart            Conj           60%        1d6       3%          1
Your spell library was empty.

Dungeon Overview and Level Annotations

Branches:
Dungeon (2/15)

Altars:
Ashenzari
Makhleb

Shops:
D:1 =


Innate Abilities, Weirdness & Mutations

You are immune to sickness and miasma.
You are immune to poison.
Your flesh is very heat resistant. (rF++)
You are vulnerable to cold. (rC-)
You float through the air rather than walking.
You learn spells naturally, not from books.
Your magical power is your life essence.
You have superior vitality. (+4 MHP)


Message History

You conjure some foxfire!
You hear a shout!
The quokka misses you.
The goblin shoots a sling bullet.
The sling bullet hits you.
* * * LOW HITPOINT WARNING * * *
You closely miss the quokka.
The quokka is severely wounded.
The foxfire hits the quokka but does no damage.
The quokka is severely wounded.
The foxfire hits the quokka.
You kill the quokka!
A goblin comes into view. It is wielding a +0 club.
The goblin shoots a sling bullet.
The sling bullet hits you.
* * * LOW HITPOINT WARNING * * *
The goblin shoots a sling bullet.
The sling bullet hits you.
* * * LOW HITPOINT WARNING * * *
A quokka comes into view.
You hit the plant.
The plant begins to die.
The plant is lightly damaged.
Your magical contamination has completely faded away.
A nearby plant withers and dies.
The hobgoblin attacks as it pursues you!
The hobgoblin closely misses you.
Found a hand axe.
The hobgoblin hits something.
The goblin unwields a +0 sling.
The goblin wields a +0 dagger.
The goblin hits the plant with a +0 dagger.
The plant begins to die.
Something hits the plant.
A nearby plant withers and dies.
The quokka attacks as it pursues you! The quokka bites you.
* * * LOW HITPOINT WARNING * * *
It was a potion of attraction.
You feel attractive to monsters. The quokka closely misses you.
The quokka barely misses you.
The hobgoblin hits the plant.
The plant begins to die.
The hobgoblin is attracted toward you. The goblin is attracted toward you.
The goblin hits something with a +0 club.
The quokka attacks as it pursues you! The quokka bites you.
You die...

###### # #...)# # #....# #####
#....# ##### #....#######
....###.....gg.r.####
..♣........§♣P.♣@...#***
PP♣P†P.....♣♣§P♣♣♣.....#*
♣♣..♣♣..♣♣.♣§♣P.♣*,PP#..*********
P...gP.P..PP♣♣§P.♣,,..#,,>,,,,,,*
...P.#...#...P.P..♣*,.#**,*****,*
.P......).....♣..♣♣**,..*,* *,*
...#..._...#..P♣.P,**,*.,,* *,*
...............♣,,,,,,***,* *,*
.....#...#...♣..♣,,*,****,* *,*


You could see a quokka, a hobgoblin and a goblin.

Vanquished Creatures
  2 adders (D:2)
  An endoplasm (D:1)
  3 hobgoblins (D:1)
  2 quokkas
  2 ball pythons
  A bat (D:2)
  A kobold (D:2)
12 creatures vanquished.

Vanquished Creatures (collateral kills)
  13 foxfires (D:2)
13 creatures vanquished.

Vanquished Creatures (others)
  48 foxfires
48 creatures vanquished.

Grand Total: 73 creatures vanquished

Notes
Turn   | Place    | Note
-------+----------+-------------------------------------------
     0 | D:1      | AppTheSpectato the Djinni Fire Elementalist began the quest
                  | for the Orb.
     0 | D:1      | AppTheSpectato set off with the following spells memorised:
                  | Foxfire, Scorch, Volatile Blastmotes, Inner Flame, Flame
                  | Wave.
     0 | D:1      | Reached XP level 1. HP: 15/15 MP: 0/0
   246 | D:1      | Reached XP level 2. HP: 19/21 MP: 0/0
   375 | D:1      | Found Qesho's Jewellery Boutique.
   378 | D:1      | You are sucked into a shaft and drop 1 floor!
   378 | D:2      | Found a burning altar of Makhleb.
   497 | D:2      | Reached XP level 3. HP: 18/25 MP: 0/0
   497 | D:2      | Learned a level 1 spell: Magic Dart
   630 | D:2      | Found a broken altar of Ashenzari.
   655 | D:2      | HP: 1/25 [goblin/sling bullet (4)]
   670 | D:2      | Slain by a quokka

Illustrated notes

Levels and vault maps discovered:
D:1:      matt_arrival_refuge, layout_loops_ring, serial_shops,
          nicolae_shop_statue_plus, corexii_item_surrounded_by_moat
D:2:      wad_woods_stonehenge, layout_basic, basic_altar, feat_on_display

Skill      XL: | |
---------------+-+-----
Spellcasting   | |  3.5
Conjurations   | |  3.5
Hexes          | |  3.5
Summonings     | |  3.5
Necromancy     | |  3.5
Translocations | |  3.5
Transmutations | |  3.5
Fire Magic     | |  3.5
Ice Magic      | |  3.5
Air Magic      | |  3.5
Earth Magic    | |  3.5
Poison Magic   | |  3.5
Dodging        | |  2.4
Stealth        | |  1.8

Action                     || total
---------------------------++-------
  Melee: Unarmed           ||     2
   Cast: Foxfire           ||    42
    Use: Scroll            ||     2
         Potion            ||     1
 Armour: Robe              ||    17
  Dodge: Dodged            ||    25

Table legend: (Time is in decaauts)
 A = Elapsed time spent in this place.
 B = Non-inter-level travel time spent in this place.
 C = Inter-level travel time spent in this place.
 D = Time resting spent in this place.
 E = Time spent auto-exploring this place.
 F = Levels seen in this place.
 G = Mean time per level.
                   A        B        C        D        E       F      G
               +--------+--------+--------+--------+--------+-----+--------+
         Total |    669 |    669 |      0 |    165 |    364 |   2 |  334.5 |
       Dungeon |    669 |    669 |      0 |    165 |    364 |   2 |  334.5 |
               +--------+--------+--------+--------+--------+-----+--------+

Top non-repeatable levels by time:
     D:1: 378 daAuts
     D:2: 291 daAuts
